 Dungeon Crawl Stone Soup version 0.32-a0-732-ga344392067 (webtiles) character file.

Game seed: 2053744289052931668

3059 ezpacito the Trooper (level 9, -3/69 HPs)
             Began as a Coglin Chaos Knight on Mar 16, 2024.
             Was a Plaything of Xom.
             Slain by a yak (8 damage)
             ... on level 6 of the Dungeon.
             The game lasted 00:08:18 (5633 turns).

ezpacito the Trooper (Coglin Chaos Knight)          Turns: 5633, Time: 00:08:18

Health: -3/69      AC: 12    Str: 18    XL:     9   Next: 87%
Magic:  14/14      EV:  8    Int:  9    God:    Xom [....*.]
Gold:   472        SH:  0    Dex:  9    Spells: 3/13 levels left

rFire   + . .        a - +0 hand axe (chaos) {Miranda}
rCold   . . .        m - +3 trident (drain) {Fredrik}
rNeg    + . .        n - +0 chain mail of Oriskefe {rElec rF+ Will++ Dex-4}
rPois   .            (no helmet)
rElec   +            r - +0 cloak
rCorr   .            (no gloves)
SInv    .            j - +0 pair of boots of Yvire {rN+ Regen+ Slay+2}
Will    ++...        (amulet unavailable) Stlth
                     (ring unavailable)
HPRegen 1.11/turn    (ring unavailable)
MPRegen 0.14/turn    (no gizmo)

%: no passive effects
@: invisible, revving
A: off-hand wielding, slow wielding, warmup strikes, no jewellery, dopey 1, high
MP 1
a: Invent Gizmo, Renounce Religion


You were on level 6 of the Dungeon.
You worshipped Xom.
You were a beloved toy of Xom.
You visited 1 branch of the dungeon, and saw 7 of its levels.

You collected 472 gold pieces.

Inventory:

Hand Weapons
 a - a +0 hand axe of chaos (weapon) {Miranda}
 m - a +3 trident of draining (offhand) {Fredrik}
 F - a +0 war axe of electrocution
Missiles
 p - 18 poisoned darts (quivered)
 s - 7 javelins
 w - 4 boomerangs
Armour
 j - the +0 pair of boots of Yvire (worn) {rN+ Regen+ Slay+2}
   (You found it on level 2 of the Dungeon)

   Slay+2:    It affects your accuracy & damage with ranged weapons and melee
   (+2).
   rN+:       It protects you from negative energy.
   Regen+:    It increases your rate of health regeneration.
 n - the +0 chain mail of Oriskefe (worn) {rElec rF+ Will++ Dex-4}
   (You found it on level 3 of the Dungeon)

   Dex-4:     It affects your dexterity (-4).
   rF+:       It protects you from fire.
   rElec:     It insulates you from electricity.
   Will++:    It greatly increases your willpower.
 o - a +4 ring mail
 r - a +0 cloak (worn)
 D - a +0 plate armour
Magical Staves
 v - a staff of alchemy
Talismans
 G - a serpent talisman
Wands
 y - a wand of quicksilver (5)
 E - a wand of charming (4)
Scrolls
 d - a scroll of amnesia {unknown}
 e - a scroll of immolation {unknown}
 f - 2 scrolls of torment
 h - a scroll of enchant armour {unknown}
 i - a scroll of butterflies
 k - a scroll of vulnerability {unknown}
 t - 2 scrolls of teleportation
 u - 2 scrolls of noise
 H - a scroll of fear {unknown}
 I - a scroll of revelation {unknown}
Potions
 b - 2 potions of brilliance {unknown}
 g - 2 potions of lignification
 q - 3 potions of curing
 x - a potion of mutation
 z - a potion of ambrosia {unknown}
 A - a potion of heal wounds {unknown}
 B - a potion of might {unknown}
 C - a potion of magic {unknown}
Miscellaneous
 c - a phantom mirror


   Skills:
 * Level 6.1 Fighting
 * Level 6.1(6.6) Axes
 + Level 3.2(4.8) Polearms
 * Level 5.1 Armour
 * Level 4.9 Dodging
 + Level 3.1 Stealth
 + Level 2.7 Spellcasting
 + Level 2.2 Translocations
 + Level 2.7 Alchemy
 + Level 3.4 Evocations


You had 3 spell levels left.
You knew the following spells:

 Your Spells              Type           Power      Damage    Failure   Level
a - Mercury Vapours       Alch/Air       6%         N/A       92%         2
b - Fulminant Prism       Conj/Alch      1%         3d5       100%        4
x - Iskenderun's Mystic   Conj/Tloc      3%         2d3       100%        4

Your spell library contained the following spells:

 Spells                   Type           Power      Damage    Failure   Level
 Apportation              Tloc           10%        N/A       71%         1
 Kiss of Death            Conj/Necr      4%         2d5       95%         1
 Magic Dart               Conj           4%         1d3       95%         1
 Summon Small Mammal      Summ           4%         N/A       95%         1
 Jinxbite                 Hex            2%         N/A       98%         2
 Searing Ray              Conj           2%         2d4       98%         2
 Volatile Blastmotes      Fire/Tloc      6%         2d10      99%         3
 Call Canine Familiar     Summ           1%         N/A       100%        3
 Confusing Touch          Hex            1%         N/A       100%        3
 Sigil of Binding         Hex            1%         N/A       100%        3
 Dispel Undead            Necr           1%         3d6       100%        4
 Summon Blazeheart Golem  Fire/Summ      1%         N/A       100%        4
 Alistair's Intoxication  Alch           4%         N/A       100%        5
 Death Channel            Necr           0%         N/A       100%        6
 Sculpt Simulacrum        Ice/Alch       1%         N/A       100%        6
 Maxwell's Capacitive Co  Air            0%         ∞         100%        8


Dungeon Overview and Level Annotations

Branches:
Dungeon (7/15)
 Temple: D:4-7

Altars:
Elyvilon
Gozag
Kikubaaqudgha
Ru
Trog
Uskayaw
Xom
Yredelemnul


Innate Abilities, Weirdness & Mutations

You can wield a second weapon in your off-hand.
It takes a long time for you to wield or remove held weapons.
Your first few attacks do less damage.
You cannot equip rings or amulets.
You are dopey. (Int -2)
You have an increased reservoir of magic. (+10% MP)


Message History

The centaur hits you but does no damage.
The centaur kicks you but does no damage.
The yak attacks as it pursues you! The yak gores you but does no damage.
The centaur attacks as it pursues you!
The centaur hits you but does no damage.
The centaur kicks you. The yak attacks as it pursues you! The yak gores you.
You take 4 damage, and have 39/69 hp.
The centaur wields a +0 shortbow.
The centaur shoots an arrow.
The arrow hits you! The yak attacks as it pursues you!
The yak barely misses you. The yak attacks as it pursues you!
The yak gores you!
You take 17 damage, and have 22/69 hp.
MASSIVE DAMAGE!!
The yak attacks as it pursues you! The yak gores you but does no damage.
The centaur shoots an arrow.
The arrow closely misses you. The yak attacks as it pursues you!
The yak gores you but does no damage. The yak attacks as it pursues you!
The yak barely misses you.
You regained 2 hp, and now have 27/69 hp.
The yak attacks as it pursues you! The yak gores you.
There is a stone staircase leading up, spattered with blood here.
You take 1 damage, and have 26/69 hp.
The yak gores you!
* * * LOW HITPOINT WARNING * * *
You climb upwards.
There is a stone staircase leading down here.
You take 8 damage, and have 18/69 hp.
You fade into invisibility!
The yak gores you!
* * * LOW HITPOINT WARNING * * *
You take 8 damage, and have 10/69 hp.
You hit the yak with your +0 hand axe of chaos.
You feel better.
The yak is lightly wounded.
You hit the yak with your +0 hand axe of chaos.
You freeze the yak.
You hit the yak with your +3 trident of draining.
The yak gores you!
* * * LOW HITPOINT WARNING * * *
The yak gores you!
You die...
Xom giggles madly!

##..#############.(####..#.##
..### #.#.########..##.##..#
### #.#........###...###.#
#.# #.#######...#######..#
#.# #.# #...######..## ..#
#.# #..........## ### #.#
#..#########
########.#######Y.#
...)............@.#
################Y.#
..................#
..#...#....#####.###
.#...#.#...........#
#...#...#...####.#.#
............#....#.#
..#...#.....#....#.#
.#...#.#....#....#.#


You could see 2 yaks.

Vanquished Creatures
  Jeremiah (D:6)
  A yak (D:7)
  A fire bat (D:6)
  2 water moccasins
  2 sky beasts
  2 ice beasts (D:6)
  2 ogres
  2 centaurs
  A phantom (D:6)
  A brain worm (D:6)
  A bullfrog (D:7)
  3 scorpions
  A killer bee (D:6)
  2 bombardier beetles
  A crimson imp (D:5)
  4 hounds
  Crazy Yiuf (D:3)
  2 jellies
  5 orc priests
  3 iguanas
  5 orc wizards
  4 gnolls (D:2)
  6 adders
  4 shadow imps
  A white imp (D:5)
  5 ufetubi
  4 dart slugs
  3 ribbon worms
  30 orcs
  8 bats
  8 endoplasms
  3 giant cockroaches
  9 goblins
  2 hobgoblins
  4 quokkas
  6 ball pythons
  2 frilled lizards
  7 kobolds
  2 rats (D:1)
151 creatures vanquished.

Vanquished Creatures (collateral kills)
  A gargoyle (D:5)
  2 orcs (D:6)
3 creatures vanquished.

Vanquished Creatures (others)
  A shadow imp (D:5)
1 creature vanquished.

Grand Total: 155 creatures vanquished

Notes
Turn   | Place    | Note
-------+----------+-------------------------------------------
     0 | D:1      | ezpacito the Coglin Chaos Knight began the quest for the
                  | Orb.
     0 | D:1      | Reached XP level 1. HP: 18/18 MP: 1/1
    14 | D:1      | Reached skill level 1 in Dodging
    60 | D:1      | Reached XP level 2. HP: 24/24 MP: 2/2
   135 | D:1      | Reached XP level 3. HP: 10/29 MP: 3/3
   259 | D:1      | Found a faded altar of an unknown god.
   283 | D:1      | XOM: silly message
   591 | D:2      | Identified the +0 pair of boots of Yvire {rN+ Regen+
                  | Slay+2}
  1187 | D:2      | Reached XP level 4. HP: 22/35 MP: 4/4
  1342 | D:2      | XOM: silly message
  1672 | D:3      | XOM: divination: detect creatures
  1699 | D:3      | Identified the +0 chain mail of Oriskefe {rElec rF+ Will++
                  | Dex-4}
  1704 | D:3      | Reached XP level 5. HP: 41/41 MP: 5/5
  1722 | D:3      | XOM: silly message
  1804 | D:3      | Gained mutation: You are frail. (-10% HP) [potion of
                  | mutation]
  1804 | D:3      | Gained mutation: Your spells are a little harder to cast,
                  | but a little more powerful. [potion of mutation]
  1804 | D:3      | Gained mutation: You possess an exceptional clarity of
                  | mind. [potion of mutation]
  1812 | D:3      | Reached skill level 1 in Polearms
  1844 | D:3      | Reached skill level 1 in Stealth
  1852 | D:3      | Got the Secrets of the Tempest
  2189 | D:3      | Found a runed translucent door.
  2190 | D:3      | Noticed Crazy Yiuf
  2360 | D:3      | Killed Crazy Yiuf
  2361 | D:3      | Reached XP level 6. HP: 38/43 MP: 2/7
  2428 | D:3      | XOM: give mutations
  2428 | D:3      | Lost mutation: Your spells are a little harder to cast, but
                  | a little more powerful. [Xom's mischief]
  2428 | D:3      | Gained mutation: Potions are less effective at restoring
                  | your health. [Xom's mischief]
  2429 | D:3      | Lost mutation: Potions are less effective at restoring your
                  | health. [potion of mutation]
  2429 | D:3      | Lost mutation: You are frail. (-10% HP) [potion of
                  | mutation]
  2429 | D:3      | Lost mutation: You possess an exceptional clarity of mind.
                  | [potion of mutation]
  2429 | D:3      | Gained mutation: You are dopey. (Int -2) [potion of
                  | mutation]
  2429 | D:3      | Gained mutation: You have an increased reservoir of magic.
                  | (+10% MP) [potion of mutation]
  2488 | D:4      | Reached skill level 1 in Spellcasting
  2588 | D:4      | Found a white marble altar of Elyvilon.
  2588 | D:4      | XOM: 4-stop teleportation journey
  2807 | D:4      | Found a hide-covered altar of Uskayaw.
  2820 | D:4      | Reached XP level 7. HP: 54/54 MP: 9/9
  2893 | D:4      | XOM: cast spell 'Disjunction'
  2960 | D:4      | XOM: 4-stop teleportation journey
  3042 | D:5      | Entered Level 5 of the Dungeon
  3365 | D:5      | Reached skill level 1 in Evocations
  3521 | D:5      | XOM: god gift: 48 gold pieces
  3573 | D:5      | Reached XP level 8. HP: 61/61 MP: 11/11
  3704 | D:5      | Found an ancient bone altar of Kikubaaqudgha.
  3775 | D:5      | Found a bloodstained altar of Trog.
  3778 | D:5      | Found a sacrificial altar of Ru.
  3783 | D:5      | Found an opulent altar of Gozag.
  4085 | D:5      | XOM: god gift: worn bronze wand {god gift}
  4103 | D:6      | Learned a level 2 spell: Mercury Vapours
  4108 | D:6      | Learned a level 4 spell: Fulminant Prism
  4113 | D:6      | Learned a level 4 spell: Iskenderun's Mystic Blast
  4179 | D:6      | Found a shimmering altar of Xom.
  4188 | D:6      | Reached skill level 1 in Alchemy
  4200 | D:6      | Reached skill level 5 in Fighting
  4266 | D:6      | Reached skill level 5 in Axes
  4295 | D:6      | Noticed a gargoyle
  4300 | D:5      | XOM: enchant monster (good)
  4304 | D:5      | XOM: destruction
  4309 | D:5      | XOM: butterfly on damage
  4311 | D:5      | Killed a gargoyle
  4312 | D:5      | Reached skill level 1 in Translocations
  4379 | D:6      | XOM: god gift: phantom mirror
  4413 | D:6      | Reached XP level 9. HP: 57/68 MP: 13/13
  4464 | D:6      | Noticed Pikel
  4473 | D:6      | Pikel changed into Pikel the brain worm
  4473 | D:6      | Noticed Pikel
  4473 | D:6      | XOM: polymorph Pikel -> Pikel the brain worm
  4475 | D:6      | Killed Pikel the brain worm
  4595 | D:6      | Found a basalt altar of Yredelemnul.
  4719 | D:6      | XOM: summons friendly shadow imp
  4873 | D:6      | XOM: cleaving
  4886 | D:6      | XOM: scenery: create altars
  4887 | D:6      | XOM: cast spell 'Summon Dragon'
  5319 | D:6      | Noticed Jeremiah
  5325 | D:6      | Killed Jeremiah
  5326 | D:6      | Reached skill level 5 in Armour
  5487 | D:7      | XOM: fog
  5597 | D:7      | XOM: god gift: 2 javelins
  5633 | D:6      | Slain by a yak

Illustrated notes

Levels and vault maps discovered:
D:1:      minmay_arrival_stone_box, layout_rooms, nicolae_ecumenical_lake_church
D:2:      layout_loops_corners
D:3:      layout_basic, grunt_ministairs_14, uniq_crazy_yiuf_cottage
D:4:      layout_gridville, lemuel_crystal_altar,
          mainiacjoe_overflow_small_starburst, kennysheep_doodads,
          grunt_ministairs_6, mrwooster_statue_mirror, minmay_three_crescents
D:5:      layout_loops_ring, mainiacjoe_overflow_24_doors,
          grunt_temple_overflow_diamond, minmay_fire_ice_demons
D:6:      cheibrodos_fzero, layout_basic, general_overflow_altar,
          regret_index_xom_of_box, fountainhead, grunt_decor_clamped,
          uniq_jeremiah, uniq_pikel
D:7:      layout_gridville, okawaru_gym_becter, minmay_temple_entry_statues

Skill      XL: |  1  2  3  4  5  6  7  8  9 |
---------------+----------------------------+-----
Dodging        | 1 2 3 4 |  4.9
Armour         | 2 3 4 5 |  5.1
Polearms       | 1 2 3 |  3.2
Stealth        | 1 2 3 |  3.1
Fighting       | 4 5 6 |  6.1
Spellcasting   | 1 2 |  2.7
Axes           | 4 5 6 |  6.1
Evocations     | 1 2 3 |  3.4
Alchemy        | 1 2 |  2.7
Translocations | 1 2 |  2.2

Action                     |  1- 3 |  4- 6 |  7- 9 || total
---------------------------+-------+-------+-------++-------
  Melee: Dagger            |    35 |       |       ||    35
         Hand axe          |    81 |    74 |   223 ||   378
         Spear             |    44 |    93 |   204 ||   341
         Trident           |       |       |    37 ||    37
  Evoke: Wand              |       |       |     3 ||     3
    Use: Potion            |       |     2 |     6 ||     8
         Scroll            |       |       |     7 ||     7
   Stab: Paralysed         |     2 |       |       ||     2
         Sleeping          |     1 |       |       ||     1
         Confused          |       |     1 |     3 ||     4
         Petrified         |       |       |     4 ||     4
         Petrifying        |       |       |     2 ||     2
         Invisible         |       |       |     1 ||     1
 Armour: Leather armour    |    49 |     9 |       ||    58
         Chain mail        |       |    54 |   290 ||   344
  Dodge: Dodged            |    59 |    31 |   119 ||   209

Table legend: (Time is in decaauts)
 A = Elapsed time spent in this place.
 B = Non-inter-level travel time spent in this place.
 C = Inter-level travel time spent in this place.
 D = Time resting spent in this place.
 E = Time spent auto-exploring this place.
 F = Levels seen in this place.
 G = Mean time per level.
                   A        B        C        D        E       F      G
               +--------+--------+--------+--------+--------+-----+--------+
         Total |   5672 |   5397 |    275 |    240 |   4069 |   7 |  810.3 |
       Dungeon |   5672 |   5397 |    275 |    240 |   4069 |   7 |  810.3 |
               +--------+--------+--------+--------+--------+-----+--------+

Top non-repeatable levels by time:
     D:6: 1274 daAuts
     D:5: 1045 daAuts
     D:2: 989 daAuts
     D:3: 923 daAuts
     D:4: 699 daAuts
     D:1: 558 daAuts
     D:7: 181 daAuts
